Myrtle, chaotic male elven Priest ------- ---------------------------------####......| |...............................-## |....>| |.------------.....------------.|####-...%.| |.|!!"|...|%%|.....| |(((|...|.|## |.....| |.|?%.|...|%!|.....+ |(](|...|.-# -----|- |.|([.|...|..|.....| ... ...|.| ### |.|.%.|...||--.....-----|---|--.| # |.-|----|--.......).%...........| ### |.............{....%.{..........| # |.-|---|---....--|---...........| ## |.|...|.. ----.|....|.------|--.| #-------|- |.|.%(|...| +.|....|.| ...|.| #|.......| @C.|.((|...| |.|.._.|.+ ....|.| #........| ##|.|(.(|...| |.|....|.| |....|.| )|.......| |.--------- -.------.- ------.| #........| |.. . . .| --------- ---- --- --- --- Myrtle the Adept Experience level: 6 Strength: 11 Dexterity: 14 Constitution: 13 Intelligence: 11 Wisdom: 19 Charisma: 8 Health: 0(40) Energy: 89(89) Def: 6 Gold: 9 Moves: 2633 Dungeon seed: qh0Lsix5g38mgVHP Game ID: Myrtle_1615323580 Your Inventory: Coins $ - 9 gold pieces Weapons a - a blessed +1 mace (weapon in hand) j - 13 +0 arrows (in quiver) k - a +0 orcish dagger l - a +0 bow (alternate weapon; not wielded) p - 9 +0 ya Z - a +0 bow Armor e - a +0 robe (being worn) n - a +0 small shield (being worn) N - a rusty +0 pair of iron shoes (being worn) Y - a +0 dwarvish iron helm (being worn) Comestibles c - a clove of garlic d - a sprig of wolfsbane A - 2 food rations J - a food ration Wands v - a wand of slow monster (0:0) C - a wand of striking (0:6) Tools m - a sack o - a towel t - a lock pick x - a skeleton key T - 3 wax candles (0:400) V - 4 blessed wax candles (0:400) W - 3 tallow candles (0:200) Gems r - a worthless piece of yellow glass z - a jet stone K - a worthless piece of violet glass S - a jasper stone U - a worthless piece of yellowish brown glass Contents of the sack: a food ration a spellbook of create monster a spellbook of healing 4 potions of holy water a potion of invisibility a potion of sickness a cursed ring of hunger a blindfold a leather drum a +0 pick-axe Spells and supernatural/magical abilities: Name Level Category Fail Memory h - healing 1 healing 0% 87% O - create monster 2 clerical 0% 87% W - pray for help -- divine ? -- X - turn undead -- divine ? -- Your skills at the end: Fighting Skills Weapon Skills mace [Basic] Spellcasting Skills clerical spells [Basic] Final Attributes: You were piously aligned. You were sleep resistant. You had infravision. You are dead. Vanquished creatures: a large mimic 2 small mimics a shrieker 6 gnome lords 3 gnomish wizards a gray ooze 5 dwarves an iguana a hobbit 2 manes a large kobold 18 gnomes 11 jackals 2 goblins 3 grid bugs 2 bats 4 lichens 2 kobold zombies 9 newts 75 creatures vanquished. Genocided species: master liches 1 species genocided. Voluntary challenges: You used a wielded weapon 103 times, starting on turn 2. You read items or engraved 4 times, starting on turn 998. You genocided 1 type of monster, starting on turn 998. You never polymorphed an object. You never changed form. You used no wishes. You never split a pudding. You never wrote Elbereth's name. You never violated your personal moral code. Dungeon overview: The Dungeons of Doom: levels 1 to 3 Level 1 a long staircase Level 2 a general store Level 3 some fountains stairs to The Gnomish Mines The Gnomish Mines: levels 4 to 6 Level 4 stairs to The Dungeons of Doom Level 5 Level 6 <- You were here many shops, a temple to Ishtar, some fountains History has recorded: On T:1 you entered the Dungeons of Doom to retrieve the Amulet of Yendor! On T:613 you reached level 2 of The Dungeons of Doom. On T:841 you advanced to experience level 2. On T:1045 you advanced to experience level 3. On T:1146 you reached level 3 of The Dungeons of Doom. On T:1163 you advanced to experience level 4. On T:1623 you reached level 1 of The Gnomish Mines. On T:1689 you advanced to experience level 5. On T:1967 you reached level 2 of The Gnomish Mines. On T:2223 you reached level 3 of The Gnomish Mines. On T:2255 you advanced to experience level 6. Score breakdown: Gold: 9 ( 3401 points) Experience: 6 levels (12456 points) Exploration: 6 levels ( 11.32%) ( 9302 points) Discoveries: 13 items ( 4.55%) ( 6396 points) Valuables value: (no points given unless you survive) Artifact value: 0 ( 0 points) Variety of kills: 19 monsters ( 4.99%) ( 6699 points) Turncount: 2633 turns ( -407 points) Survival: died (score multiplied by 80%) Total score: 30277 Latest messages: "For you, esteemed sir; only 60 per food ration." You have a little trouble lifting A - 2 food rations (unpaid, 120 zorkmids). You bought a key for 13 gold pieces. You bought 2 food rations for 120 gold pieces. "Thank you for shopping in Hebiwerie's general store!" There are a few objects here. The plains centaur hurls a black potion! The vial crashes on your head and breaks into shards. This burns! The plains centaur wields a crossbow! The plains centaur shoots a crossbow bolt! You are hit by a crossbow bolt. The plains centaur shoots a crossbow bolt! You are hit by a crossbow bolt. The plains centaur swings his crossbow. The plains centaur just misses! The plains centaur kicks! You feel an absence of magical power. The plains centaur swings his crossbow. The plains centaur hits! The plains centaur kicks! You die... Final status: Goodbye Myrtle the Priest, killed by a plains centaur... You died in The Gnomish Mines on dungeon level 6 with 30277 points, and 9 pieces of gold, after 2633 moves. You were level 6 with a maximum of 40 hit points when you died.